 Dungeon Crawl Stone Soup version 0.31-a0-1511-g961fd35ebc (webtiles) character file.

Game seed: 16938349440163681517

1435062 EnegeticOcto the Placeless Demigod (level 24, 205/205 HPs)
             Began as a Demigod Alchemist on Dec 29, 2023.
             Escaped with the Orb
             ... and 3 runes on Dec 30, 2023!
             The game lasted 02:15:13 (93203 turns).

EnegeticOcto the Placeless Demigod (DgAl)          Turns: 93203, Time: 02:15:13

Health: 205/205    AC: 34    Str: 21    XL:     24   Next: 44%
Magic:  48/48      EV: 30    Int: 32    God:
Gold:   6657       SH: 22    Dex: 33    Spells: 12/52 levels left

rFire   + + .        b - +9 demon blade (elec)
rCold   + + +        u - +5 kite shield
rNeg    . . .        i - +3 faerie dragon scales {rElec rCorr}
rPois   +            o - +3 helmet of Cocytus {Int+2}
rElec   +            y - +2 cloak {Will+}
rCorr   +            H - +2 pair of gloves of Duty {rPois rF- rC+++ Will+}
SInv    .            N - +2 pair of boots
Will    ++++.        C - amulet "Luuts" {RegenMP ^Drain rC+ Str+2}
Stlth   ++           j - ring of the Raven {rF++ rC++ AC+4 Int-5}
HPRegen 0.54/turn    M - ring "Nithroq" {*Corrode rF+ Str+6 Int+5 Dex+4}
MPRegen 0.71/turn

%: corrode self (3%)
@: studying Dodging
A: high MP 1, forlorn, divine attributes, iridescent scales 1, dopey 1, strong
1, sturdy frame 1
0: Orb of Zot
}: 3/15 runes: decaying, silver, gossamer
a: no special abilities


You escaped.
You visited 10 branches of the dungeon, and saw 50 of its levels.
You visited 1 bazaar.

You collected 8882 gold pieces.
You spent 2225 gold pieces at shops.

Inventory:

Hand Weapons
 b - a +9 demon blade of electrocution (weapon)
   (You took it off Mara on level 3 of the Swamp)
 e - the +9 staff of Olgreb {rPois∞}
   (You found it on level 5 of the Vaults)

   Radiate:   It can be activated via the 'a'bility menu to radiate toxic
   energy, with effectiveness depending on Evocations skill.
   Alch:      It enhances your alchemy magic.
   rPois∞: It grants immunity to poison.
 X - a +1 short sword of distortion
   (You took it off a spriggan on level 1 of the Lair of Beasts)
Missiles
 x - 5 throwing nets {!f}
 W - 13 curare-tipped darts (quivered)
Armour
 i - the +3 faerie dragon scales (worn) {rElec rCorr}
   (You took it off the Enchantress on level 2 of the Depths)

   rElec:     It insulates you from electricity.
   rCorr:     It protects you from acid and corrosion.
 o - the +3 helmet of Cocytus (worn) {Int+2}
   (You took it off Robin on level 2 of the Dungeon)

   Int+2:     It affects your intelligence (+2).
 u - a +5 kite shield (worn)
   (You found it on level 2 of the Vaults)
 y - a +2 cloak of willpower (worn)
   (You bought it in a shop on level 2 of the Orcish Mines)
 H - the +2 pair of gloves of Duty (worn) {rPois rF- rC+++ Will+}
   (You found it on level 4 of the Spider Nest)

   rF-:       It makes you vulnerable to fire.
   rC+++:     It renders you almost immune to cold.
   rPois:     It protects you from poison Will+: It increases your willpower.
 N - a +2 pair of boots (worn)
   (You bought it in a shop on level 3 of the Vaults)
Jewellery
 a - a +6 ring of dexterity
   (You found it on level 2 of the Crypt)
 j - the ring of the Raven (left hand) {rF++ rC++ AC+4 Int-5}
   (You took it off a deep elf demonologist on level 3 of the Elven Halls)

   [ring of protection]

   AC+4:      It affects your AC (+4).
   Int-5:     It affects your intelligence (-5).
   rF++:      It greatly protects you from fire.
   rC++:      It greatly protects you from cold.
 C - the amulet "Luuts" (around neck) {RegenMP ^Drain rC+ Str+2}
   (You took it off a deep elf high priest on level 3 of the Elven Halls)

   [amulet of magic regeneration]

   RegenMP:   It increases your rate of magic regeneration.
   Str+2:     It affects your strength (+2).
   rC+:       It protects you from cold.
   ^Drain:    It drains your maximum health when unequipped.
 M - the ring "Nithroq" (right hand) {*Corrode rF+ Str+6 Int+5 Dex+4}
   (You found it on level 1 of the Vaults)

   [ring of strength]

   Str+6:     It affects your strength (+6).
   Int+5:     It affects your intelligence (+5).
   Dex+4:     It affects your dexterity (+4).
   rF+:       It protects you from fire.
   *Corrode:  It may corrode you when you take damage.
Wands
 m - a wand of roots (54) {@v2}
   (You found it on level 3 of the Lair of Beasts)
 p - a wand of charming (86)
   (You took it off Ijyb on level 3 of the Dungeon)
 q - a wand of mindburst (14)
   (You found it on level 3 of the Spider Nest)
 s - a wand of quicksilver (83) {@v1}
   (You took it off a centaur on level 6 of the Dungeon)
 T - a wand of polymorph (6)
   (You found it on level 3 of the Lair of Beasts)
 U - a wand of digging (36) {@v3}
   (You found it on level 4 of the Lair of Beasts)
Scrolls
 c - 13 scrolls of teleportation {@r3 !r}
 f - 7 scrolls of vulnerability
 l - a scroll of revelation {@r5 !r}
 n - 13 scrolls of poison
 t - 8 scrolls of fog {!r}
 v - 2 scrolls of butterflies
 D - 8 scrolls of immolation
 E - 3 scrolls of torment
 S - 5 scrolls of fear {!r}
 V - 6 scrolls of blinking {@r4}
 Z - 3 scrolls of silence {!r}
Potions
 d - 18 potions of curing {@q1 !q}
 g - 6 potions of ambrosia
 k - 13 potions of mutation
 r - 4 potions of might {@q3 !q}
 w - 14 potions of attraction
 z - 5 potions of brilliance
 A - 8 potions of cancellation
 B - 7 potions of enlightenment
 F - 4 potions of magic
 I - 6 potions of haste {@q4 !q}
 J - 3 potions of heal wounds {@q2 !q}
 K - 3 potions of invisibility
 L - 4 potions of lignification {@q6}
 Q - 3 potions of resistance
 R - 3 potions of berserk rage
Miscellaneous
 h - a phial of floods
   (You found it on level 5 of the Vaults)
 G - a phantom mirror
   (You found it on level 4 of the Spider Nest)
 O - a lightning rod (4/4)
   (You found it on level 4 of the Spider Nest)
 P - a box of beasts
   (You found it on level 11 of the Dungeon)
 Y - a tin of tremorstones (1/2)
   (You bought it in a shop on level 2 of the Orcish Mines)


   Skills:
 - Level 14.9 Fighting
 - Level 14.0 Long Blades
 - Level 14.9 Armour
 - Level 14.9 Dodging
 + Level 11.8 Stealth
 - Level 14.9 Shields
 - Level 14.9 Spellcasting
 - Level 10.0 Conjurations
 + Level 10.3 Necromancy
 - Level 14.9 Translocations
 - Level 4.0 Fire Magic
 - Level 10.0 Alchemy
 + Level 13.0 Evocations


You had 12 spell levels left.
You knew the following spells:

 Your Spells              Type           Power      Damage    Failure   Level
a - Sting                 Conj/Alch      100%       1d9       1%          1
b - Manifold Assault      Tloc           87%        N/A       1%          4
c - Olgreb's Toxic Radia  Alch           73%        N/A       1%          4
d - Ignite Poison         Fire/Alch      62%        N/A       1%          4
e - Mephitic Cloud        Conj/Alch/Air  61%        N/A       1%          3
f - Scorch                Fire           98%        2d9       1%          2
g - Dispel Undead         Necr           74%        3d25      1%          4
h - Apportation           Tloc           100%       N/A       0%          1
i - Sticky Flame          Fire/Alch      62%        2d10      1%          4
j - Sublimation of Blood  Necr           74%        N/A       1%          2
k - Passage of Golubria   Tloc           87%        N/A       1%          4
z - Irradiate             Conj/Alch      36%        3d23      1%          5
Y - Blink                 Tloc           100%       N/A       0%          2

Your spell library contained the following spells:

 Spells                   Type           Power      Damage    Failure   Level
 Lesser Beckoning         Tloc           100%       N/A       0%          2
 Foxfire                  Conj/Fire      100%       2x1d9     1%          1
 Kiss of Death            Conj/Necr      100%       2d13      1%          1
 Magic Dart               Conj           100%       1d8       1%          1
 Necrotise                Necr           100%       1d9       1%          1
 Cigotuvi's Dreadful Rot  Necr/Alch/Air  100%       N/A       1%          2
 Mercury Vapours          Alch/Air       100%       N/A       1%          2
 Momentum Strike          Conj/Tloc      100%       3d10      1%          2
 Static Discharge         Conj/Air       100%       3-8/arc   1%          2
 Fugue of the Fallen      Necr           74%        N/A       1%          3
 Gell's Gravitas          Tloc           87%        N/A       1%          3
 Hailstorm                Conj/Ice       54%        3d11      1%          3
 Stone Arrow              Conj/Erth      100%       3d13      1%          3
 Volatile Blastmotes      Fire/Tloc      100%       2d18      1%          3
 Dimensional Bullseye     Hex/Tloc       32%        N/A       1%          4
 Flame Wave               Conj/Fire      62%        2d14      1%          4
 Fulminant Prism          Conj/Alch      36%        3d17      1%          4
 Iskenderun's Mystic Bla  Conj/Tloc      80%        2d16      1%          4
 Dispersal                Tloc           43%        N/A       1%          6
 Freeze                   Ice            92%        1d9       3%          1
 Sandblast                Erth           46%        2d11      3%          1
 Summon Small Mammal      Summ           92%        N/A       3%          1
 Anguish                  Hex/Necr       27%        N/A       3%          4
 Brom's Barrelling Bould  Conj/Erth      54%        2d7       3%          4
 Leda's Liquefaction      Alch/Erth      27%        N/A       3%          4
 Martyr's Knell           Necr/Summ      54%        N/A       3%          4
 Petrify                  Alch/Erth      54%        N/A       3%          4
 Call Imp                 Summ           46%        N/A       4%          2
 Ensorcelled Hibernation  Hex/Ice        46%        N/A       4%          2
 Inner Flame              Hex/Fire       36%        N/A       4%          3
 Death Channel            Necr           37%        N/A       6%          6
 Call Canine Familiar     Summ           23%        N/A       9%          3
 Confusing Touch          Hex            23%        N/A       9%          3
 Ozocubu's Armour         Ice            23%        N/A       9%          3
 Passwall                 Erth           23%        N/A       9%          3
 Summon Ice Beast         Ice/Summ       23%        N/A       9%          3
 Swiftness                Air            23%        N/A       9%          3
 Tukima's Dance           Hex            23%        N/A       9%          3
 Yara's Violent Unravell  Hex/Alch       27%        3d12      11%         5
 Summon Blazeheart Golem  Fire/Summ      36%        N/A       13%         4
 Freezing Cloud           Conj/Ice/Air   22%        6-21      22%         5
 Starburst                Conj/Fire      31%        6d9       26%         6
 Airstrike                Air            11%        2d(2-18)  30%         4
 Animate Armour           Summ/Erth      46%        N/A       30%         4
 Cause Fear               Hex            11%        N/A       30%         4
 Summon Lightning Spire   Summ/Air       23%        N/A       30%         4
 Orb of Destruction       Conj           36%        9d11      38%         7
 Disjunction              Tloc           43%        N/A       41%         8
 Bombard                  Conj/Erth      27%        9d5       52%         6
 Sculpt Simulacrum        Ice/Alch       27%        N/A       52%         6
 Lee's Rapid Deconstruct  Erth           11%        3d8*      63%         5
 Malign Gateway           Summ/Tloc      32%        N/A       75%         7
 Plasma Beam              Fire/Air       18%        2x1d29    90%         6
 Spellforged Servitor     Conj/Summ      27%        N/A       97%         7
 Summon Cactus Giant      Summ           11%        N/A       99%         6
 Enfeeble                 Hex            11%        N/A       100%        7
 Ozocubu's Refrigeration  Ice            11%        4d10      100%        7
 Ignition                 Fire           24%        3d8       100%        8
 Lehudib's Crystal Spear  Conj/Erth      27%        10d7      100%        8
 Summon Horrible Things   Summ           11%        N/A       100%        8
 Dragon's Call            Summ           11%        N/A       100%        9
 Polar Vortex             Ice            11%        12d1*     100%        9


Dungeon Overview and Level Annotations

Branches:
Dungeon (15/15)            Temple (0/1) D:6            Lair (5/5) D:10
  Swamp (4/4) Lair:2       Spider (4/4) Lair:3        Slime (0/5) Lair:4
    Orc (2/2) D:12            Elf (3/3) Orc:2        Vaults (5/5) D:13
  Crypt (3/3) Vaults:2       Tomb (0/3) Crypt:3      Depths (4/4) D:15
    Zot (5/5) Depths:4

Shops:
D:6 ::   Orc:2 [(**   Elf:3 =::   Vaults:1 =   Vaults:2 (   Vaults:3 [
Depths:2 :

Portals:
Hell: Depths:1 Depths:2 Depths:3 Depths:4
Abyss: Lair:1 Depths:1 Depths:3
Pandemonium: Depths:2 Depths:3
Ziggurat: Depths:4
Trove: Elf:3 (give 2 scrolls of acquirement)

Annotations:
Swamp:1 1 runed translucent door, Karaet's ghost, adept MiFi
Elf:1 Roxanne
Elf:2 3 runed translucent doors
Crypt:2 2 transporters, exclusion: orange crystal statue
Depths:3 exclusion: door
Zot:2 exclusion: door


Innate Abilities, Weirdness & Mutations

You have an increased reservoir of magic. (+10% MP)
You shall have no god before yourself.
Your divine heritage dramatically boosts your attributes as you level up.
You are partially covered in iridescent scales. (AC +2)
You are dopey. (Int -2)
Your muscles are strong. (Str +4, Int/Dex -1)
Your movements are slightly less encumbered by armour. (ER -2)


Message History

Confirm with . or Enter, or press ? or * to list all spells.
Space momentarily warps into an impossible shape!
You slice the hellion!! The hellion gestures at you.
The sphere of damnation explodes!
The damnation engulfs you!!
Casting: Manifold Assault (safe; 1% risk of failure)
Confirm with . or Enter, or press ? or * to list all spells.
Space momentarily warps into an impossible shape!
You slice the hellion!! Lightning courses through the hellion!
You kill the hellion!
(D) Dungeon (T) Temple (L) Lair (S) Swamp (N) Spider Nest (M) Slime Pits (O) Orcish Mines (E) Elven Halls (V) Vaults (C) Crypt (W) Tomb (U) Depths (H) Hell (Z) Zot
Where to? (Tab/Enter - D:1, ? - help)
There is an open door here.
There is an open door here.
Magic restored.
There is a stone staircase leading up here.
You climb upwards.
There is a stone staircase leading down here.
You see here a +0 whip.
You see here a +0 spear.
Your magical contamination has completely faded away.
There is a stone staircase leading up here.
You climb upwards.
There is a stone staircase leading down here.
HP restored.
There is a stone staircase leading up here.
You climb upwards.
There is a stone staircase leading down here.
You see here an Everburning Encyclopedia.
There is a stone staircase leading up here.
You climb upwards.
There is a stone staircase leading down here.
There is a stone staircase leading up here.
You climb upwards.
There is a stone staircase leading down here.
There is an open gate here.
A great orb of eyes comes into view.
Unknown command.
Casting: Manifold Assault (safe; 1% risk of failure)
Confirm with . or Enter, or press ? or * to list all spells.
Space momentarily warps into an impossible shape!
You completely miss the great orb of eyes.
Casting: Manifold Assault (safe; 1% risk of failure)
Confirm with . or Enter, or press ? or * to list all spells.
Space momentarily warps into an impossible shape!
You barely miss the great orb of eyes.
Casting: Manifold Assault (safe; 1% risk of failure)
Confirm with . or Enter, or press ? or * to list all spells.
Space momentarily warps into an impossible shape!
You slice the great orb of eyes!!
Casting: Manifold Assault (safe; 1% risk of failure)
Confirm with . or Enter, or press ? or * to list all spells.
Space momentarily warps into an impossible shape!
You slice the great orb of eyes!!
Casting: Manifold Assault (safe; 1% risk of failure)
Confirm with . or Enter, or press ? or * to list all spells.
Space momentarily warps into an impossible shape!
You slice the great orb of eyes!!
You kill the great orb of eyes!
Your Evocations skill increases to level 13!
(D) Dungeon (T) Temple (L) Lair (S) Swamp (N) Spider Nest (M) Slime Pits (O) Orcish Mines (E) Elven Halls (V) Vaults (C) Crypt (W) Tomb (U) Depths (H) Hell (Z) Zot
Where to? (Tab/Enter - D:1, ? - help)
A red devil comes into view. It is wielding a +0 trident.
You slice the red devil!!
The red devil is severely wounded.
You barely miss the red devil.
The red devil is severely wounded.
You slice the red devil!!
You kill the red devil!
(D) Dungeon (T) Temple (L) Lair (S) Swamp (N) Spider Nest (M) Slime Pits (O) Orcish Mines (E) Elven Halls (V) Vaults (C) Crypt (W) Tomb (U) Depths (H) Hell (Z) Zot
Where to? (Tab/Enter - D:1, ? - help) Magic restored.
There is an open door here.
There is a stone staircase leading up here.
You see here a scroll of noise.
You climb upwards.
There is a stone staircase leading down here.
There is a stone staircase leading up here.
You climb upwards.
There is a stone staircase leading down here.
There is a stone staircase leading up here.
You climb upwards.
There is a stone staircase leading down here.
Aiming: Dig
Press: ? - help, Shift-Dir - straight line This square is covered in magical glow.
The rock shatters into small pieces.
There is an open door here.
A red devil comes into view. It is wielding a +0 trident of venom.
There is a staircase leading out of the dungeon here.
You have escaped!

######.# ##########.# ###
.......# #..........#
...###################.#########
...#...........................#
...#.##..#######.#######.#####.#
####.####.### #.# ###.## #.# #
##'#####..####'####..## #.# #
#....# ###..'...'..### #.# #
#....# ####.@.#### #.# #....#
###..'...'..### #.#
#....###.4####'##.#..## #.#
#....##.### #.###.##.# #.# #
##.###.############.########.## #
#.# ###....................... #
#.#####.#####....#..........#. #
#.......# #....#............
################.................


You could see a red devil.

Vanquished Creatures
  2 dread liches
  Frederick (Crypt:1)
  An orb of fire (Zot:4)
  Mara (Swamp:3)
  A juggernaut (Depths:4)
  Josephina (Crypt:1)
  Boris (Vaults:5)
  Xtahua (Depths:3)
  The ghost of handsome the Unseen, a veteran OpWn of Xom (Vaults:1)
  the Lernaean hydra (Swamp:4)
  6 caustic shrikes
  Jory (Crypt:1)
  A bone dragon (Depths:1)
  5 golden dragons
  the Enchantress (Depths:2)
  The ghost of Causaover the Imperceptible, a veteran TeGl of Uskayaw (D:15)
  An electric golem (Depths:4)
  10 tentacled monstrosities
  4 liches
  Asterion (Elf:3)
  4 quicksilver dragons
  7 Orb Guardians (Zot:5)
  4 deep elf blademasters (Elf:3)
  2 deep elf master archers (Elf:3)
  4 titans
  11 sphinxes
  An ancient champion (Crypt:1)
  5 shadow dragons
  7 tengu reavers (Vaults:5)
  A thorn hunter (Swamp:1)
  Kirke (D:15)
  2 storm dragons
  4 revenants
  2 daevas (Depths:4)
  3 draconian knights
  Donald (Orc:2)
  A fenstrider witch (Swamp:3)
  12 frost giants
  2 azure jellies (Vaults:1)
  10 fire giants
  5 deep elf sorcerers
  5 draconian scorchers
  2 draconian monks
  A balrug (Depths:2)
  11 emperor scorpions
  A juggernaut zombie (Crypt:2)
  A deep elf elementalist (Elf:3)
  2 spectral juggernauts (Depths:1)
  9 vault wardens
  An angel (Depths:4)
  6 ghost moths
  18 ironbound preservers
  A curse skull (Crypt:3)
  4 spectral caustic shrikes (Depths:4)
  2 cacodemons
  25 very ugly things
  4 quicksilver oozes
  2 orc warlords
  A broodmother (Depths:2)
  3 draconian annihilators
  6 spriggan defenders
  19 ghouls
  The ghost of TheWayOfAllFlesh the Fighter, a journeyman DjFE of Ru (Lair:5)
  3 caustic shrike skeletons (Crypt:3)
  A formless jellyfish (Vaults:4)
  5 vampire knights
  12 ironbound thunderhulks
  19 stone giants
  10 deep elf demonologists
  2 deep elf death magi (Elf:3)
  A purple draconian (Zot:5)
  A minotaur (Vaults:4)
  2 red draconians
  5 green draconians
  10 dire elephants
  9 war gargoyles
  3 black draconians
  2 white draconians
  A yellow draconian (Zot:1)
  3 eleionomae
  Azrael (Orc:1)
  8 spark wasps
  2 bunyips
  10 deep elf annihilators
  Snorg (D:13)
  4 eidola
  14 ettins
  A shambling mangrove (Swamp:3)
  6 entropy weavers
  7 deep elf high priests (Elf:3)
  4 fire dragons
  2 jiangshi (Crypt:2)
  12 yaktaur captains
  A spriggan zombie (Crypt:1)
  Fannar (Lair:2)
  A sphinx zombie (Vaults:3)
  The ghost of Querens the Blocker, a journeyman FoFi of Makhleb (Orc:2)
  A caustic shrike simulacrum (Vaults:1)
  A quicksilver dragon skeleton (Crypt:3)
  A hell beast (Depths:1)
  A rakshasa (Lair:1)
  9 great orbs of eyes
  6 spriggan air magi
  3 ghost crabs
  Erica (D:10)
  8 ogre magi
  12 centaur warriors
  A spriggan skeleton (Crypt:1)
  3 peacekeepers
  27 vault guards
  8 ice dragons
  A catoblepas (D:15)
  11 alligators
  26 hydras
  The ghost of koorschki the Mimic, a journeyman DsSh of Gozag (Lair:1)
  9 ironbound frosthearts
  2 radroaches
  2 jorogumos
  A death knight (Crypt:1)
  16 dancing weapons
  18 two-headed ogres
  8 boulder beetles
  8 deep troll earth magi
  3 death yaks (Lair:5)
  9 vampire magi
  3 tengu warriors
  3 occultists
  6 deep troll shamans
  22 demonic crawlers
  11 spriggan berserkers
  An orc high priest (Elf:1)
  2 soul eaters (Crypt:1)
  6 deep elf knights
  6 hell knights
  4 pharaoh ants
  A titan skeleton (Crypt:3)
  5 shadow wraiths
  4 fire crabs
  A skyshark (shapeshifter) (Vaults:3)
  A spark wasp zombie (Crypt:1)
  67 deep trolls
  6 iron trolls
  3 skysharks
  4 glowing orange brains
  A goliath frog (Swamp:3)
  A sea snake (Vaults:4)
  2 spriggan druids
  6 flayed ghosts (Crypt:3)
  A storm dragon skeleton (Crypt:3)
  3 sun moths
  An orb spider (shapeshifter) (Vaults:1)
  9 skeletal warriors
  16 orb spiders
  17 bog bodies
  15 swamp dragons
  5 arcanists
  A steelbarb worm (shapeshifter) (Vaults:5)
  Pikel (D:8)
  A harpy (Elf:1)
  13 lindwurms
  14 deep elf archers
  9 necromancers
  4 wolf spider zombies (D:14)
  3 steelbarb worms
  6 orc knights
  16 ironbound convokers
  29 deep elf zephyrmancers
  33 deep elf pyromancers
  27 wolf spiders
  20 phantasmal warriors
  33 ugly things
  A fire giant zombie (Vaults:4)
  An oklob plant (Lair:4)
  7 spectral spriggans (Swamp:1)
  A stone giant zombie (Crypt:1)
  2 orc sorcerers
  A human zombie (Vaults:3)
  Maurice (D:9)
  5 manticores
  A shining eye (shapeshifter) (Vaults:5)
  3 will-o-the-wisps
  A cyclops (shapeshifter) (Vaults:5)
  3 worldbinders (Vaults:1)
  2 kobold blastminers (Orc:1)
  9 moths of wrath
  7 black mambas
  8 cyclopes
  9 meliai
  A naga mage (Vaults:1)
  14 elephants
  A stone giant skeleton (Vaults:3)
  7 centaur zombies (D:14)
  A fire giant skeleton (Crypt:3)
  A naga zombie (Crypt:1)
  2 molten gargoyles (Vaults:1)
  A draconian skeleton (Crypt:1)
  2 ice statues (Vaults:1)
  19 vault sentinels
  5 torpor snails
  Maggie (D:8)
  A yaktaur zombie (Vaults:4)
  5 gargoyles
  6 centaur skeletons
  A hellion (D:9)
  A grey draconian zombie (Crypt:2)
  12 cane toads
  A redback zombie (D:14)
  2 orange demons
  A naga skeleton (Crypt:1)
  2 unseen horrors
  9 freezing wraiths
  3 bunyip simulacra (Vaults:1)
  2 rime drakes
  23 yaktaurs
  A dire elephant skeleton (Crypt:1)
  A tormentor (Depths:2)
  6 komodo dragons
  16 trolls
  A black draconian skeleton (Crypt:1)
  A minotaur skeleton (Crypt:1)
  A purple draconian skeleton (Crypt:2)
  A golden dragon simulacrum (Vaults:1)
  2 guardian mummies (Crypt:3)
  A hellwing (Lair:1)
  2 harpy zombies
  33 hornets
  An iron troll skeleton (Crypt:1)
  A red devil (D:4)
  7 tyrant leeches
  A shadow dragon simulacrum (Depths:1)
  7 polar bears
  Prince Ribbit (D:7)
  A glass eye (Depths:2)
  A harpy skeleton (Crypt:1)
  27 tarantellas
  29 blink frogs
  An ice dragon zombie (Crypt:1)
  A frost giant simulacrum (Vaults:4)
  An ettin zombie (Crypt:1)
  28 slime creatures
  15 dream sheep
  A snapping turtle (shapeshifter) (Vaults:5)
  A centaur simulacrum (Crypt:1)
  29 jumping spiders
  A meliai zombie (D:14)
  37 spriggans
  An ettin skeleton (Crypt:1)
  8 shadows
  4 fire dragon skeletons (Crypt:3)
  A slime creature (shapeshifter) (Vaults:5)
  6 water elementals
  24 culicivoras
  A guardian serpent skeleton (Crypt:2)
  2 air elementals
  A naga simulacrum (Crypt:1)
  2 ushabtiu (Crypt:3)
  3 wyverns
  A wind drake zombie (Crypt:2)
  A vampire (D:9)
  3 humans (D:15)
  7 wraiths
  6 basilisks
  32 yaks
  3 wargs
  8 fire elementals
  A hog (shapeshifter) (D:14)
  86 redbacks
  A hog (D:15)
  A steam dragon (D:6)
  2 vampire mosquitoes (D:14)
  2 spatial vortices (Vaults:1)
  An acid dragon (D:12)
  A glowing shapeshifter zombie (Crypt:1)
  A deep troll zombie (Crypt:1)
  2 harpy simulacra (Crypt:1)
  18 swamp worms
  11 hell hounds
  A swamp worm (shapeshifter) (Vaults:5)
  13 water moccasins
  21 orc warriors
  6 black bears
  11 swamp drakes
  3 ice beasts
  2 fire dragon simulacra (Vaults:1)
  16 laughing skulls
  29 ogres
  A lindwurm zombie (Crypt:2)
  11 boggarts
  A tengu (Vaults:1)
  3 lemures (D:8)
  30 wolves
  6 centaurs
  3 phantoms
  A vine stalker zombie (Crypt:2)
  A kobold brigand (D:12)
  7 bullfrogs
  A gnoll sergeant (D:9)
  A necrophage (Crypt:1)
  5 scorpions
  A deep troll simulacrum (Vaults:1)
  An earth elemental (Elf:3)
  10 wights
  6 killer bees (D:9)
  5 howler monkeys
  2 electric eels
  A bombardier beetle (D:5)
  A lava snake (Vaults:1)
  9 hounds
  12 jellies
  12 orc priests
  A gnoll bouda (D:8)
  7 iguanas
  Ijyb (D:3)
  12 human skeletons (Vaults:1)
  13 orc wizards
  An ogre skeleton (Crypt:1)
  A crocodile skeleton (Crypt:1)
  6 mummies (Crypt:3)
  Robin (D:2)
  5 adders
  21 gnolls
  A shadow imp (D:5)
  2 ufetubi (D:6)
  An iguana zombie (Crypt:2)
  2 ribbon worms
  A dart slug (D:5)
  57 orcs
  2 bats
  3 endoplasms
  A giant cockroach (D:4)
  21 goblins
  14 hobgoblins
  3 jackals
  8 kobolds
  2 quokkas
  6 ball pythons
  A frilled lizard (D:1)
  6 rats
  A butterfly (Lair:3)
2179 creatures vanquished.

Vanquished Creatures (collateral kills)
  Jorgrun (D:13)
  Aizul (Swamp:3)
  An ironbound preserver (Vaults:3)
  A vampire knight (Crypt:1)
  2 yellow draconians (Zot:1)
  A dire elephant (Vaults:3)
  3 centaur warriors (Vaults:2)
  3 deep trolls
  An arcanist (Vaults:2)
  A lindwurm (Vaults:2)
  4 ugly things
  A wolf spider (Spider:2)
  A moth of wrath (Zot:1)
  A vault sentinel (Vaults:2)
  A scorpion (Spider:2)
23 creatures vanquished.

Vanquished Creatures (others)
  A lich (Depths:4)
  An eldritch tentacle (Vaults:1)
  A vault warden (Vaults:2)
  A spectral juggernaut (Depths:1)
  A stone giant (Depths:3)
  A vampire knight (Depths:1)
  A bunyip (Swamp:3)
  A war gargoyle (Depths:1)
  A fire dragon (Depths:4)
  2 iron trolls (Depths:2)
  An ogre zombie (Vaults:4)
  A spriggan druid (Swamp:4)
  A bog body (Crypt:1)
  2 deep trolls
  A deep elf zephyrmancer (Elf:2)
  A wolf spider (Spider:2)
  2 ugly things
  A human zombie (Vaults:3)
  5 bloated husks
  A harpy simulacrum (Crypt:1)
  A merfolk simulacrum (Crypt:1)
  14 foxfires
42 creatures vanquished.

Grand Total: 2244 creatures vanquished

Notes
Turn   | Place    | Note
-------+----------+-------------------------------------------
     0 | D:1      | EnegeticOcto the Demigod Alchemist began the quest for the
                  | Orb.
     0 | D:1      | Reached XP level 1. HP: 14/14 MP: 5/5
   402 | D:1      | Reached skill level 2 in Stealth
   440 | D:1      | You fall into a shaft and drop 1 floor!
  1058 | D:1      | Reached XP level 2. HP: 20/20 MP: 4/7
  1442 | D:1      | Reached skill level 3 in Stealth
  1505 | D:2      | Reached skill level 1 in Conjurations
  1551 | D:1      | Reached skill level 2 in Spellcasting
  1554 | D:1      | Learned a level 2 spell: Scorch
  1937 | D:2      | Reached XP level 3. HP: 26/26 MP: 6/8
  1989 | D:2      | Reached skill level 1 in Fire Magic
  2669 | D:3      | Reached skill level 2 in Fire Magic
  2731 | D:3      | Noticed Ijyb
  3171 | D:3      | Learned a level 3 spell: Mephitic Cloud
  3262 | D:3      | Noticed an ice beast
  3298 | D:3      | Killed an ice beast
  3299 | D:3      | Reached skill level 3 in Fire Magic
  3299 | D:3      | Reached XP level 4. HP: 18/33 MP: 5/9
  3510 | D:3      | Reached XP level 5. HP: 38/38 MP: 3/10
  3589 | D:3      | Reached skill level 4 in Fire Magic
  4159 | D:3      | Reached skill level 1 in Fighting
  4663 | D:4      | Reached skill level 3 in Spellcasting
  4788 | D:4      | Reached XP level 6. HP: 26/47 MP: 4/14
  4922 | D:3      | Learned a level 4 spell: Sticky Flame
  5113 | D:4      | Gained mutation: You occasionally shout uncontrollably at
                  | your foes. [potion of mutation]
  5113 | D:4      | Gained mutation: Your movements are slightly less
                  | encumbered by armour. (ER -2) [potion of mutation]
  5114 | D:4      | Lost mutation: You occasionally shout uncontrollably at
                  | your foes. [potion of mutation]
  5114 | D:4      | Lost mutation: Your movements are slightly less encumbered
                  | by armour. (ER -2) [potion of mutation]
  5114 | D:4      | Gained mutation: You have a pair of small antennae on your
                  | head. [potion of mutation]
  5114 | D:4      | Gained mutation: You have supernaturally acute eyesight.
                  | (SInv) [potion of mutation]
  5114 | D:4      | Gained mutation: Your movements are slightly less
                  | encumbered by armour. (ER -2) [potion of mutation]
  5466 | D:4      | Reached skill level 2 in Fighting
  5811 | D:2      | Identified the +3 helmet of Cocytus {Int+2}
  5811 | D:2      | Noticed Robin
  5817 | D:2      | Killed Robin
  5818 | D:2      | Reached skill level 4 in Spellcasting
  5837 | D:2      | Lost mutation: You have a pair of small antennae on your
                  | head. [potion of mutation]
  5837 | D:2      | Lost mutation: You have supernaturally acute eyesight.
                  | (SInv) [potion of mutation]
  5837 | D:2      | Gained mutation: You are partially covered in iridescent
                  | scales. (AC +2) [potion of mutation]
  5837 | D:2      | Gained mutation: Your muscles are strong. (Str +4, Int/Dex
                  | -1) [potion of mutation]
  6689 | D:3      | Killed Ijyb
  6826 | D:5      | Entered Level 5 of the Dungeon
  6852 | D:5      | Reached skill level 3 in Fighting
  6852 | D:5      | Reached XP level 7. HP: 48/57 MP: 8/16
  6855 | D:5      | Reached skill level 3 in Alchemy
  6866 | D:5      | Learned a level 4 spell: Olgreb's Toxic Radiance
  7233 | D:5      | Reached skill level 4 in Alchemy
  7338 | D:5      | Reached skill level 5 in Spellcasting
  7699 | D:5      | Reached skill level 4 in Fighting
  7814 | D:5      | Reached XP level 8. HP: 66/66 MP: 10/19
  7953 | D:5      | Reached skill level 5 in Alchemy
  8452 | D:6      | Reached skill level 6 in Alchemy
  8763 | D:6      | Identified the +5 chain mail of Cuocioso {Will++ Regen+
                  | Str-4 Slay+3}
  8798 | D:6      | Reached skill level 7 in Alchemy
  8805 | D:6      | Found Tupp's Book Shop.
  8813 | D:6      | Reached skill level 2 in Dodging
  8954 | D:6      | Found Pailuato's Book Boutique.
  9198 | D:6      | Found a staircase to the Ecumenical Temple.
  9248 | D:6      | Reached skill level 1 in Shields
  9682 | D:7      | Reached XP level 9. HP: 72/72 MP: 4/20
  9823 | D:7      | Reached skill level 2 in Shields
  9926 | D:7      | Noticed Prince Ribbit
  9931 | D:7      | Killed Prince Ribbit
  9932 | D:7      | Reached skill level 3 in Dodging
 10603 | D:7      | Reached skill level 5 in Fighting
 10825 | D:7      | Learned a level 4 spell: Ignite Poison
 11013 | D:8      | Reached skill level 3 in Shields
 11258 | D:8      | Noticed Pikel
 11261 | D:8      | Killed Pikel
 11262 | D:8      | Reached skill level 4 in Dodging
 11262 | D:8      | Reached skill level 6 in Spellcasting
 11416 | D:8      | Noticed Maggie
 11713 | D:8      | Killed Maggie
 11858 | D:9      | Noticed Maurice
 11863 | D:9      | Killed Maurice
 11864 | D:9      | Reached skill level 4 in Shields
 11950 | D:9      | Reached skill level 6 in Fighting
 11950 | D:9      | Reached XP level 10. HP: 83/83 MP: 11/23
 12292 | D:9      | Reached skill level 5 in Dodging
 12292 | D:9      | Reached skill level 1 in Evocations
 13214 | D:10     | Entered Level 10 of the Dungeon
 13398 | D:10     | Reached skill level 7 in Spellcasting
 13398 | D:10     | Reached skill level 2 in Evocations
 13673 | D:10     | Found a staircase to the Lair.
 13711 | D:10     | Reached skill level 3 in Evocations
 14065 | D:10     | Noticed Erica
 14071 | D:10     | Killed Erica
 14072 | D:10     | Reached skill level 7 in Fighting
 14521 | D:11     | Noticed a boulder beetle
 14529 | D:11     | Killed a boulder beetle
 14530 | D:11     | Reached skill level 8 in Alchemy
 14654 | D:11     | Noticed a cyclops
 14658 | D:11     | Killed a cyclops
 14719 | D:11     | Noticed a two-headed ogre
 14725 | D:11     | Killed a two-headed ogre
 14726 | D:11     | Reached skill level 4 in Evocations
 14726 | D:11     | Reached XP level 11. HP: 92/92 MP: 14/26
 15287 | D:11     | Reached skill level 8 in Spellcasting
 15463 | D:11     | Learned a level 5 spell: Irradiate
 15542 | Lair:1   | Entered Level 1 of the Lair of Beasts
 15563 | Lair:1   | Reached skill level 2 in Conjurations
 15564 | Lair:1   | Reached skill level 8 in Fighting
 15695 | Lair:1   | Reached skill level 3 in Conjurations
 15695 | Lair:1   | Reached skill level 9 in Alchemy
 15850 | Lair:1   | Found a transporter.
 15860 | Lair:1   | Found a transporter.
 15870 | Lair:1   | Reached skill level 4 in Conjurations
 16073 | Lair:1   | Noticed koorschki's ghost (journeyman DsSh)
 16494 | Lair:1   | Reached skill level 5 in Conjurations
 16596 | Lair:1   | Reached skill level 10 in Alchemy
 17215 | Lair:2   | Reached skill level 6 in Conjurations
 17463 | Lair:2   | Reached XP level 12. HP: 101/101 MP: 14/28
 17532 | Lair:2   | Reached skill level 7 in Conjurations
 17674 | Lair:2   | Reached skill level 8 in Conjurations
 17956 | Lair:2   | Reached skill level 1 in Armour
 18000 | Lair:2   | Noticed Fannar
 18005 | Lair:2   | Killed Fannar
 18282 | Lair:2   | Reached skill level 2 in Armour
 18298 | Lair:2   | Noticed a six-headed hydra
 18311 | Lair:2   | Killed a six-headed hydra
 18446 | Lair:2   | Found a staircase to the Swamp.
 18791 | Lair:3   | Reached skill level 3 in Armour
 18950 | Lair:3   | Noticed a boulder beetle
 18957 | Lair:3   | Killed a boulder beetle
 19070 | Lair:3   | Reached skill level 9 in Fighting
 19349 | Lair:3   | Found a hole to the Spider Nest.
 19354 | Lair:3   | Reached skill level 4 in Armour
 19539 | Lair:3   | Reached skill level 9 in Spellcasting
 20058 | Lair:4   | Found a staircase to the Slime Pits.
 20596 | Lair:4   | Reached skill level 5 in Armour
 20598 | Lair:4   | Reached XP level 13. HP: 94/112 MP: 13/31
 20704 | Lair:4   | Noticed a quicksilver ooze
 20940 | Lair:4   | Reached skill level 10 in Fighting
 21420 | Lair:4   | Killed a quicksilver ooze
 21421 | Lair:4   | Reached skill level 10 in Spellcasting
 22090 | Lair:5   | Entered Level 5 of the Lair of Beasts
 22561 | Lair:5   | Reached skill level 5 in Shields
 22662 | Lair:5   | Reached skill level 5 in Evocations
 22937 | Lair:5   | Reached skill level 6 in Dodging
 23338 | Lair:5   | Identified the ring of Sarhil {Ice Fly Will+ SInv}
 23539 | Lair:5   | Found a runed translucent gate.
 23540 | Lair:5   | Found a runed translucent gate.
 23541 | Lair:5   | Found a runed translucent gate.
 23639 | Lair:5   | Noticed TheWayOfAllFlesh's ghost (journeyman DjFE)
 24003 | Lair:5   | Reached skill level 6 in Shields
 24003 | Lair:5   | Reached skill level 6 in Evocations
 24874 | D:12     | Reached XP level 14. HP: 85/121 MP: 24/33
 24986 | D:12     | Reached skill level 7 in Dodging
 25546 | D:12     | Reached skill level 11 in Spellcasting
 25577 | D:12     | Found a staircase to the Orcish Mines.
 25858 | Orc:1    | Entered Level 1 of the Orcish Mines
 26905 | Orc:2    | Entered Level 2 of the Orcish Mines
 26905 | Orc:2    | Noticed Donald
 26905 | Orc:2    | Found Zin Vot's Weapon Shoppe.
 26905 | Orc:2    | Found Nacker's Armour Boutique.
 26910 | Orc:2    | Reached skill level 7 in Shields
 26910 | Orc:2    | Reached skill level 7 in Evocations
 26912 | Orc:2    | Killed Donald
 26913 | Orc:2    | Reached skill level 8 in Dodging
 27218 | Orc:2    | Noticed an orc warlord
 27484 | Orc:2    | Found a staircase to the Elven Halls.
 27694 | Orc:2    | Noticed Azrael
 27708 | Orc:1    | Killed Azrael
 27992 | Orc:2    | Found Uthriwof's General Store.
 27993 | Orc:2    | Found Cadew's General Store.
 28012 | Orc:2    | Killed an orc warlord
 28101 | Orc:2    | Bought a scroll of teleportation for 45 gold pieces
 28106 | Orc:2    | Bought a +0 cloak of willpower for 138 gold pieces
 28106 | Orc:2    | Bought a tin of tremorstones (2/2) for 480 gold pieces
 28127 | Orc:2    | Bought the +5 ring mail of Umoinodey {Dex+3 SInv} for 651
                  | gold pieces
 28147 | Orc:2    | Found a transporter.
 28149 | Orc:2    | Found a transporter.
 28150 | Orc:2    | Noticed Querens's ghost (journeyman FoFi)
 28364 | Orc:2    | Reached skill level 8 in Shields
 28367 | Orc:2    | Reached skill level 8 in Evocations
 28367 | Orc:2    | Killed Querens's ghost
 28987 | Lair:1   | Killed koorschki's ghost
 29207 | Lair:1   | Found a one-way gate to the infinite horrors of the Abyss.
 29240 | Lair:1   | Identified the +1 pair of boots "Wocoank" {rF- rN+++ MP+9
                  | Dex-3}
 29387 | D:13     | Noticed Snorg
 29493 | D:13     | Killed Snorg
 29752 | D:13     | Reached skill level 9 in Dodging
 29887 | D:13     | Reached skill level 12 in Spellcasting
 29948 | D:13     | Noticed Jorgrun
 29948 | D:13     | Noticed Nessos
 29961 | D:13     | Killed Jorgrun
 29962 | D:13     | Reached XP level 15. HP: 94/126 MP: 36/36
 29963 | D:13     | Nessos changed into Nessos the fire crab
 29963 | D:13     | Noticed Nessos
 29970 | D:13     | Killed Nessos the fire crab
 30203 | D:13     | Reached skill level 9 in Shields
 30737 | D:13     | Found a gate to the Vaults.
 31208 | D:14     | Reached skill level 10 in Dodging
 31567 | D:14     | Reached skill level 10 in Shields
 31650 | D:14     | Learned a level 2 spell: Blink
 31655 | D:14     | Learned a level 4 spell: Dispel Undead
 32433 | D:15     | Entered Level 15 of the Dungeon
 32840 | D:15     | Found a staircase to the Depths.
 32840 | D:15     | Noticed a fire giant
 32854 | D:15     | Killed a fire giant
 32963 | D:15     | Noticed Kirke
 32970 | D:15     | Killed Kirke
 33408 | D:15     | Reached skill level 6 in Armour
 33893 | Spider:1 | Entered Level 1 of the Spider Nest
 33894 | Spider:1 | Upgraded the game from 0.31-a0-1476-g8a4046af8c to
                  | 0.31-a0-1511-g961fd35ebc
 34317 | Spider:1 | Reached skill level 9 in Conjurations
 34817 | Spider:1 | Reached skill level 11 in Fighting
 35467 | Spider:2 | Reached skill level 7 in Armour
 35527 | Spider:2 | You fall into a shaft and drop 1 floor!
 35989 | Spider:2 | Reached XP level 16. HP: 127/137 MP: 37/37
 36522 | Spider:3 | Reached skill level 10 in Conjurations
 36922 | Spider:2 | Reached skill level 8 in Armour
 37427 | Spider:2 | Reached skill level 12 in Fighting
 38757 | Spider:3 | Reached skill level 13 in Spellcasting
 39377 | Spider:4 | Entered Level 4 of the Spider Nest
 40178 | Spider:4 | Reached skill level 13 in Fighting
 40739 | Spider:4 | Reached skill level 1 in Translocations
 41311 | Spider:4 | Reached skill level 2 in Translocations
 41443 | Spider:4 | Reached XP level 17. HP: 150/150 MP: 40/40
 41844 | Spider:4 | Reached skill level 3 in Translocations
 42255 | Spider:4 | Reached skill level 14 in Spellcasting
 42813 | Spider:4 | Reached skill level 4 in Translocations
 42897 | Spider:4 | Identified the +2 pair of gloves of Duty {rPois rF- rC+++
                  | Will+}
 42927 | Spider:4 | Got a gossamer rune of Zot
 43293 | Swamp:1  | Entered Level 1 of the Swamp
 43790 | Swamp:1  | Found a runed translucent door.
 43823 | Swamp:1  | Noticed Karaet's ghost (adept MiFi)
 43938 | Swamp:1  | Reached skill level 14 in Fighting
 44416 | Swamp:1  | Reached skill level 5 in Translocations
 46471 | Swamp:3  | Reached skill level 6 in Translocations
 47039 | Swamp:3  | Identified the serpent talisman of Vamnezur {rN+++ Str-2
                  | Dex-3 SInv}
 47039 | Swamp:3  | Noticed Aizul
 47106 | Swamp:3  | Noticed a tentacled monstrosity
 47119 | Swamp:3  | Killed a tentacled monstrosity
 47154 | Swamp:3  | Killed Aizul
 47589 | Swamp:3  | Noticed Mara
 47965 | Swamp:3  | Noticed EnegeticOcto's illusion
 47967 | Swamp:3  | Killed Mara
 47968 | Swamp:3  | Reached skill level 1 in Long Blades
 48622 | Swamp:3  | Learned a level 1 spell: Apportation
 48627 | Swamp:3  | Learned a level 4 spell: Manifold Assault
 48630 | Swamp:3  | Learned a level 2 spell: Sublimation of Blood
 48975 | Swamp:4  | Entered Level 4 of the Swamp
 48980 | Swamp:4  | Reached skill level 2 in Long Blades
 48980 | Swamp:4  | Reached skill level 7 in Translocations
 49320 | Swamp:4  | Reached skill level 3 in Long Blades
 49334 | Swamp:4  | Reached XP level 18. HP: 137/162 MP: 27/42
 49631 | Swamp:4  | Reached skill level 4 in Long Blades
 49697 | Swamp:4  | Reached skill level 8 in Translocations
 50256 | Swamp:4  | Noticed a tentacled monstrosity
 50268 | Swamp:4  | Killed a tentacled monstrosity
 50430 | Swamp:4  | Reached skill level 5 in Long Blades
 50570 | Swamp:4  | Noticed the 27-headed Lernaean hydra
 50579 | Swamp:4  | Killed the 27-headed Lernaean hydra
 50706 | Swamp:4  | Got a decaying rune of Zot
 51351 | Elf:1    | Entered Level 1 of the Elven Halls
 51373 | Elf:1    | Reached skill level 9 in Translocations
 51386 | Elf:1    | Found a flickering gateway to a bazaar.
 51419 | Bazaar   | Entered a bazaar
 51545 | Bazaar   | Found Otza's Jewellery Shop.
 51545 | Bazaar   | Found Ynocukke's Book Boutique.
 51552 | Bazaar   | Identified the ring "Ybiystrugh" {rN+ Will+ AC+4}
 51622 | Elf:1    | Reached skill level 6 in Long Blades
 51985 | Elf:1    | Noticed Roxanne
 52210 | Elf:1    | Reached skill level 7 in Long Blades
 52290 | Elf:1    | Reached skill level 10 in Translocations
 52503 | Elf:1    | Reached skill level 8 in Long Blades
 52510 | Elf:1    | Paralysed by an air elemental for 1 turns
 52757 | Elf:1    | Got the Treatise on Productive Power
 53080 | Elf:2    | Paralysed by an air elemental for 1 turns
 53088 | Elf:2    | Paralysed by an air elemental for 1 turns
 53607 | Elf:2    | Reached skill level 9 in Long Blades
 53651 | Elf:2    | Found a runed translucent gate.
 53651 | Elf:2    | Found a runed translucent gate.
 53651 | Elf:2    | Found a runed translucent gate.
 53809 | Elf:2    | Reached skill level 10 in Long Blades
 54007 | Elf:3    | Entered Level 3 of the Elven Halls
 54007 | Elf:3    | Found a portal to a secret trove of treasure.
 54157 | Elf:3    | Noticed Asterion
 54167 | Elf:3    | Killed Asterion
 54646 | Elf:3    | Identified the +1 longbow "Grim" {freeze, +Blink rElec
                  | rCorr}
 54750 | Elf:3    | Reached XP level 19. HP: 169/169 MP: 32/43
 55081 | Elf:3    | Found Koafef's Jewellery Shoppe.
 55082 | Elf:3    | Found Inysas's Book Shop.
 55082 | Elf:3    | Found Yfosisue's Book Shop.
 55090 | Elf:3    | Bought an amulet of reflection for 420 gold pieces
 55277 | Elf:3    | Reached skill level 11 in Long Blades
 55406 | Elf:3    | Noticed a Brimstone Fiend
 56827 | Elf:3    | Identified the +8 war axe "Ykkebbei" {venom, rPois}
 56862 | Elf:3    | Reached skill level 12 in Long Blades
 57004 | Elf:3    | Identified the +7 quick blade "Gyojouq" {pain, Fly rElec
                  | rN++ Dex-4}
 57189 | Elf:3    | Identified the amulet "Luuts" {RegenMP ^Drain rC+ Str+2}
 58360 | Elf:3    | Identified the staff of Mirch {rF+ rN+ Conj Necro}
 58633 | Elf:3    | Reached skill level 13 in Long Blades
 58703 | Elf:3    | Identified the ring of the Raven {rF++ rC++ AC+4 Int-5}
 58945 | Elf:3    | Got the Secrets of the Poisonous Oath
 58992 | Elf:3    | Got Weif Zischi's Precepts of the Alluring Escort
 59328 | Vaults:1 | Entered Level 1 of the Vaults
 59822 | Vaults:1 | Got the Commentary on Fire
 59946 | Vaults:1 | Identified the +5 hand axe of Demonkind {flame, Int+3}
 60148 | Vaults:1 | Found a runed translucent door.
 60148 | Vaults:1 | Identified the +5 battleaxe of Extremism {chaos, Fly rElec
                  | rF+ Str+6}
 60148 | Vaults:1 | Noticed handsome's ghost (veteran OpWn)
 60156 | Vaults:1 | Reached skill level 14 in Long Blades
 60761 | Vaults:1 | Got the Annotations on the Voyage
 61012 | Orc:2    | Bought a scroll of enchant weapon for 112 gold pieces
 61212 | Vaults:1 | Found Puonyniw's Jewellery Emporium.
 61692 | Vaults:1 | Got the Discursus on the Congregation
 62210 | Vaults:1 | Killed handsome's ghost
 62217 | Vaults:1 | Identified the ring "Nithroq" {*Corrode rF+ Str+6 Int+5
                  | Dex+4}
 62489 | Vaults:1 | Got the Papyrus of the Serac
 62569 | Vaults:2 | Reached skill level 9 in Armour
 62726 | Vaults:2 | Reached XP level 20. HP: 177/177 MP: 36/44
 62755 | Vaults:2 | Found Rashizy's Antique Weapon Emporium.
 63107 | Vaults:2 | Reached skill level 11 in Translocations
 63240 | Vaults:2 | Found a staircase to the Crypt.
 63258 | Vaults:2 | Reached skill level 11 in Shields
 63260 | Vaults:2 | Reached skill level 11 in Dodging
 65062 | Vaults:3 | Reached skill level 10 in Armour
 65770 | Vaults:3 | Found Ashrot Xumi's Armour Boutique.
 65808 | Vaults:3 | Bought a +2 pair of boots for 379 gold pieces
 65930 | Vaults:3 | Found a runed translucent gate.
 65930 | Vaults:3 | Found a runed translucent gate.
 65930 | Vaults:3 | Found a runed translucent gate.
 65930 | Vaults:3 | Noticed Bailed's ghost (veteran MiMo)
 66430 | Vaults:3 | Reached skill level 12 in Translocations
 66484 | Vaults:4 | Reached skill level 12 in Shields
 66496 | Vaults:3 | Reached skill level 12 in Dodging
 68130 | Vaults:3 | Identified the +0 pair of boots of the Crafting Gods {rC-
                  | Will+++ Str-3 SInv}
 68673 | Vaults:4 | Reached skill level 11 in Armour
 68673 | Vaults:4 | Reached XP level 21. HP: 129/183 MP: 30/45
 69775 | Depths:1 | Entered Level 1 of the Depths
 69990 | Depths:1 | Noticed Causaover's ghost (veteran TeGl)
 70255 | Depths:1 | Found a transporter.
 70260 | Depths:1 | Found a transporter.
 70469 | Depths:1 | Found a gateway to Hell.
 70748 | Depths:1 | Reached skill level 13 in Translocations
 70785 | Depths:1 | Reached skill level 13 in Shields
 70893 | Depths:1 | Reached skill level 13 in Dodging
 72102 | D:15     | Killed Causaover's ghost
 72358 | Depths:1 | Identified the ring of Ytyent {rF+ SInv}
 72803 | Depths:2 | Noticed the Enchantress
 72812 | Depths:2 | Killed the Enchantress
 72879 | Depths:2 | Identified the +0 chain mail of Patterns {rCorr}
 72909 | Depths:2 | Found Wutheyfy's Book Boutique.
 72926 | Depths:2 | Reached skill level 12 in Armour
 73648 | Depths:2 | Noticed a juggernaut
 73662 | Depths:2 | a juggernaut changed into a dire elephant
 74276 | Depths:2 | Found a one-way gate leading to the halls of Pandemonium.
 74466 | Depths:2 | Noticed a caustic shrike
 74467 | Depths:2 | Noticed a caustic shrike
 74470 | Depths:2 | Noticed a golden dragon
 74743 | Depths:2 | Killed a caustic shrike
 74785 | Depths:2 | Killed a caustic shrike
 74804 | Depths:2 | Killed a golden dragon
 74923 | Depths:2 | Identified the +3 great sword "Inawudos" {heavy, *Noise rF+
                  | rN+ Str+4}
 75412 | Depths:3 | Reached XP level 22. HP: 191/191 MP: 14/46
 75494 | Depths:3 | Reached skill level 14 in Dodging
 75564 | Depths:3 | Noticed Xtahua
 75593 | Depths:3 | Reached skill level 14 in Translocations
 75598 | Depths:3 | Killed Xtahua
 75599 | Depths:3 | Reached skill level 14 in Shields
 76043 | Depths:3 | Reached skill level 13 in Armour
 76941 | Depths:4 | Entered Level 4 of the Depths
 77000 | Depths:4 | Noticed a caustic shrike
 77001 | Depths:4 | Noticed a caustic shrike
 77005 | Depths:4 | Noticed a caustic shrike
 77007 | Depths:4 | Noticed a caustic shrike
 77009 | Depths:4 | Killed a caustic shrike
 77015 | Depths:4 | Killed a caustic shrike
 77015 | Depths:4 | Killed a caustic shrike
 77017 | Depths:4 | Killed a caustic shrike
 77182 | Depths:4 | Found a one-way gateway to a ziggurat.
 77471 | Depths:4 | Found a gate to the Realm of Zot.
 77598 | Depths:4 | Noticed a juggernaut
 77618 | Depths:4 | Killed a juggernaut
 78143 | Depths:4 | Reached skill level 14 in Armour
 79300 | Lair:5   | Killed TheWayOfAllFlesh's ghost
 79601 | Crypt:1  | Entered Level 1 of the Crypt
 79721 | Crypt:1  | Identified the orb of Yssueqi {*channel, rPois Int+2 Fire}
 79721 | Crypt:1  | Noticed Frederick
 79731 | Crypt:1  | Killed Frederick
 79770 | Crypt:1  | Identified the ring "Barat" {Ice *Slow Str+3 Int+4 Dex+5}
 79770 | Crypt:1  | Noticed Josephina
 79796 | Crypt:1  | Killed Josephina
 79818 | Crypt:1  | Reached skill level 1 in Necromancy
 80381 | Crypt:1  | Noticed Jory
 80390 | Crypt:1  | Reached skill level 2 in Necromancy
 80400 | Crypt:1  | Killed Jory
 80401 | Crypt:1  | Reached skill level 4 in Stealth
 81595 | Crypt:2  | Reached XP level 23. HP: 198/198 MP: 48/48
 81618 | Crypt:2  | Reached skill level 3 in Necromancy
 81689 | Crypt:2  | Found a transporter.
 81859 | Crypt:2  | Reached skill level 5 in Stealth
 81940 | Crypt:2  | Reached skill level 9 in Evocations
 82154 | Crypt:2  | Reached skill level 4 in Necromancy
 82561 | Crypt:2  | Found a transporter.
 82634 | Crypt:3  | Entered Level 3 of the Crypt
 82804 | Crypt:3  | Reached skill level 6 in Stealth
 83236 | Crypt:3  | Identified the storm talisman of the Enchanted Forest {rC+
                  | Will+ Dex+5}
 83237 | Crypt:3  | Identified the +9 rapier "Itum" {chaos, Int-5 Dex+2 Stlth+}
 83404 | Crypt:3  | Reached skill level 5 in Necromancy
 83729 | Crypt:3  | Identified the +9 hand axe of Non Obstante Veredicto
                  | {distort, +Blink rC+}
 84078 | Crypt:3  | Found a staircase to the Tomb.
 84084 | Crypt:3  | Reached skill level 7 in Stealth
 84214 | Crypt:3  | Identified the +1 dagger of Qoorph {heavy, Fly rC+ rCorr
                  | Stlth-}
 84226 | Crypt:3  | Noticed a dread lich
 84234 | Crypt:3  | Killed a dread lich
 84235 | Crypt:3  | Reached skill level 10 in Evocations
 84640 | Crypt:3  | Reached skill level 6 in Necromancy
 84690 | Crypt:3  | Identified the +6 spear "Laliwk" {drain, Fly Str+5}
 85125 | Vaults:5 | Entered Level 5 of the Vaults
 85169 | Vaults:5 | Reached skill level 8 in Stealth
 85447 | Vaults:5 | Reached skill level 7 in Necromancy
 85874 | Vaults:5 | Identified the +10 short sword of Gin and Tonic {freeze,
                  | rN++ Will- Int+3}
 85885 | Vaults:5 | Identified the +3 longbow of Terror {antimagic, rF+}
 85896 | Vaults:5 | Identified the +6 chain mail of the Unseen Realm {Int+4}
 85935 | Vaults:5 | Identified the +0 scimitar "Xaiwecs" {drain, Will+ Dex+5
                  | Stlth+}
 85946 | Vaults:5 | Got a silver rune of Zot
 86242 | Vaults:5 | Reached skill level 11 in Evocations
 86267 | Vaults:5 | Reached skill level 9 in Stealth
 86703 | Vaults:5 | Found the +9 staff of Olgreb {rPois∞}
 87129 | Vaults:5 | Reached skill level 8 in Necromancy
 87166 | Vaults:5 | Noticed a dread lich
 87764 | Vaults:5 | Reached skill level 10 in Stealth
 87765 | Vaults:5 | Noticed Boris
 87785 | Vaults:5 | Killed Boris
 87793 | Vaults:5 | Reached XP level 24. HP: 67/205 MP: 16/48
 88357 | Vaults:5 | Killed a dread lich
 88358 | Vaults:5 | Reached skill level 12 in Evocations
 88437 | Vaults:5 | Reached skill level 9 in Necromancy
 89769 | Zot:1    | Entered Level 1 of the Realm of Zot
 89776 | Zot:1    | Learned a level 4 spell: Passage of Golubria
 90577 | Zot:2    | Noticed an orb of fire
 90640 | Zot:3    | Reached skill level 11 in Stealth
 90858 | Zot:4    | Noticed an orb of fire
 90861 | Zot:4    | Gained mutation: You are dopey. (Int -2) [an orb of fire]
 90873 | Zot:4    | Killed an orb of fire
 90876 | Zot:5    | Entered Level 5 of the Realm of Zot
 90939 | Zot:5    | Reached skill level 10 in Necromancy
 91640 | Zot:5    | Identified the +7 great sword of the Wheel {holy, *Rage rN+
                  | Int+2 Stlth+}
 92716 | Zot:5    | Noticed an orb of fire
 92716 | Zot:5    | Noticed a dread lich
 92716 | Zot:5    | Noticed a Killer Klown
 92719 | Zot:5    | Got the Orb of Zot
 92997 | D:12     | Noticed Pogiag the pandemonium lord
 93121 | D:4      | Reached skill level 13 in Evocations
 93203 | D:$      | Escaped with the Orb!

Illustrated notes

Levels and vault maps discovered:
D:1:      dpeg_arrival_radiant, layout_basic
D:2:      layout_rooms, shapermc_ecumenical_altar_venn, uniq_robin
D:3:      layout_basic, mainiacjoe_overflow_cross_hatched, jmf_multi_god_temple,
          uniq_ijyb
D:4:      layout_basic, grunt_gozag_breadcrumbs, minmay_misc_feat_nine_boxes,
          kennysheep_windowed_goal
D:5:      layout_cave_pools, old_standard_altar
D:6:      layout_rooms, minmay_temple_entry_glassed_door, serial_shops, shop,
          nicolae_shop_advertising_works [nicolae_subvault_shop_adworks]
D:7:      layout_loops_corners, nemelex_xobeh_ov_fountains_minmay,
          kennysheep_generic_room_6, uniq_prince_ribbit1
D:8:      layout_rooms, kennysheep_mini_moat, uniq_maggie, uniq_pikel
D:9:      layout_gridville, amcnicky_altar_gilded, uniq_maurice
D:10:     layout_roguey, nicolae_overflow_hidden_temple, lair_entry_dummy,
          uniq_erica
D:11:     layout_roguey, serial_glass, glass_columns_a, glass_columns_a,
          glass_columns_a, glass_columns_b, glass_columns_c, glass_columns_a,
          due_unseen_surprise, feat_on_display, feat_on_display,
          trog_hazing_becter
D:12:     layout_basic, kennysheep_orc_monster_closet_entryway
D:13:     layout_rooms, hangedman_vaults_entry_quadrant_bands, uniq_jorgrun,
          uniq_nessos, uniq_snorg
D:14:     layout_roguey, kennysheep_doodads, roderic_lattice_a,
          nicolae_yredelemnul_corpse_copse
D:15:     grunt_enter_depths_giant_problem, layout_grid_maze,
          xom_confusion_cloud, uniq_kirke
Lair:1:   layout_cellular_growth, gammafunk_ghost_abyssal_escape,
          grunt_megastairs_3
Lair:2:   layout_layer_cave, palyth_hydra_swamp_entry, uniq_fannar
Lair:3:   layout_loops_ring, spider_nest_entry_a, infiniplex_staircase_pool_2,
          lemuel_fruit_fields
Lair:4:   layout_regular_city, minmay_slime_entry_pillars, serial_bayou_pond_d,
          nicolae_lair_time_for_slime, lemuel_fruit_tree
Lair:5:   minmay_lair_end_enchanted_forest, layout_regular_city,
          gammafunk_ghost_hydra_chop, infiniplex_staircase_pool
Swamp:1:  nicolae_swamp_flooded_prison, layout_basic_swamp,
          ebering_ghost_reflecting_pool, hangedman_swamp_pad
Swamp:2:  layout_basic_swamp, lemuel_altar_in_water, swamp_pool_5
Swamp:3:  layout_basic_swamp, evilmike_swamp_ruin_house_3,
          nicolae_swamp_tree_isthmus, uniq_aizul, uniq_mara
Swamp:4:  grunt_swamp_rune_castle, layout_basic_swamp
Spider:1: layout_spider_delve
Spider:2: nicolae_spider_corner, drop_trap
Spider:3: layout_spider_delve, portal_ice_cave_entry_pillars_1
Spider:4: spider_rune_water, worms_lemuel
Orc:1:    layout_diamond_mine
Orc:2:    st_orc_open, layout_caves, gammafunk_ghost_smash, uniq_donald,
          uniq_azrael
Elf:1:    minmay_elf_arrival_circle, layout_gridlike, serial_shops,
          bzr_entry_lakeside, special_room [special_room_mythical_zoo],
          basic_altar, minmay_elf_sorcery, uniq_roxanne
Elf:2:    nicolae_elf_blades_crystal_corner, layout_geoelf_octagon,
          nicolae_elf_crossing_hall
Elf:3:    minmay_elf_hall_not_hex, layout_geoelf_octagon,
          nicolae_trove_entry_isolated, lemuel_flamethrower_3,
          minmay_shop_grove, uniq_asterion
Vaults:1: ebering_ghost_xom, v_alt_pattern_3, nicolae_vaults_more_shelving_1,
          ontoclasm_vaults_idyll, dpeg_vaults_monster_row,
          nicolae_vaults_variable_pillar_hall_cross, v_misc_27,
          nicolae_vaults_network_s, nicolae_vaults_house_2,
          nicolae_vaults_trapezoid_lopsided_3, vaults_room_hangedman_quadrants,
          layout_vaults_omnicross, serial_shops, nicolae_shop_stone,
          serial_magic_research, hangedman_research_quantum,
          hangedman_research_pyrotechnics, hangedman_research_convocations,
          hangedman_research_thermodynamics
Vaults:2: vaults_room_semicircle, nicolae_vaults_theta,
          nicolae_vaults_diamond_1, nicolae_vaults_wine_cellar,
          hangedman_vaults_trim, v_misc_25, v_misc_15,
          ontoclasm_vaults_misaligned, vaults_dpeg_doors, v_rooms_3, v_misc_29,
          nicolae_vaults_shelves_hall, minmay_crypt_entry_simple_box,
          hangedman_vaults_nails, nicolae_vaults_big_ls, layout_vaults_maze,
          serial_shops, shop
Vaults:3: gammafunk_ghost_tricky_traps, v_misc_24, nicolae_vaults_weapon_check,
          nicolae_vaults_twisting_passages, nicolae_vaults_triangles,
          nicolae_vaults_little_ls, nicolae_vaults_surprise_closet,
          ontoclasm_vaults_loading_screen, layout_vaults_quadrants,
          serial_shops, nicolae_shop_tiny_glass
Vaults:4: nicolae_vaults_circle_grid_b, ontoclasm_vaults_hangar,
          vaults_dpeg_cross, nicolae_vaults_oval_intersection,
          nicolae_vaults_trapezoid_lopsided_2, nicolae_vaults_stepped_doors,
          v_rooms_2, nicolae_vaults_security_offices_4, grunt_vaults_swirl,
          nicolae_vaults_trapezoid_4, vaults_standard_mumra_lines,
          nicolae_vaults_six-pack, v_rooms_6, nicolae_vaults_specimen_jars,
          layout_vaults_ring
Vaults:5: serial_shops, uniq_boris
Crypt:1:  layout_misc_corridors, grunt_crypt_arrival_split, uniq_jory,
          uniq_josephina, uniq_frederick
Crypt:2:  gammafunk_sealed_arena, layout_basic
Crypt:3:  quadcrypt_mu
Depths:1: layout_roguey, grunt_mini_vestibule, abyss_entry,
          gammafunk_ghost_mausoleum, minmay_misc_feat_encased,
          nicolae_qazlal_scattered_showers
Depths:2: minmay_the_grid_triangle_9x9_rhombus_thin_mashed
          [minmay_the_grid_triangle_9x9_swiss_cheese,
          minmay_the_grid_triangle_9x9_prize_center,
          minmay_the_grid_triangle_9x9_thin_v,
          minmay_the_grid_triangle_9x9_empty], layout_honeycomb, serial_shops,
          shop_statue, minivault_14, pf_coc_iceberg, grunt_pan_entry_zigzag,
          kennysheep_random_hallway, infiniplex_staircase_squiggle,
          uniq_enchantress
Depths:3: gammafunk_mikee_crab_dinner, layout_honeycomb, led_sif_pool,
          hell_entry, pan_entry, abyss_entry_small_statue_room, uniq_xtahua
Depths:4: grunt_crosshair, layout_basic, enter_ziggurat_c,
          pf_hell_entry_tar_river, serial_curves, eino_curves_01,
          eino_curves_01, nicolae_the_louvre
Zot:1:    layout_gridlike, hangedman_zot_diagonal_lockstep, skrybe_zot_glass_2
Zot:2:    dreamdust_black_sun_cult, layout_gridville,
          hangedman_zot_decor_tridents, regret_index_zotdec_zees,
          hangedman_zot_wheel_spokes
Zot:3:    layout_concentric_octagons
Zot:4:    layout_misc_corridors, grunt_ministairs_3, lemuel_elevator
Zot:5:    layout_basic, lemuel_baited_zot_trap, guppyfry_library_mini

Skill      XL: |  1  2  3  4  5  6  7  8  9 10 11 12 13 14 15 16 17 18 19 20 21 22 23 24 |
---------------+-------------------------------------------------------------------------+-----
Stealth        | 2 3 4 10 11 | 11.8
Conjurations   | 1 6 8 9 10 | 10.0
Spellcasting   | 2 3 4 5 6 7 8 9 10 12 13 14 | 14.9
Fire Magic     | 3 4 |  4.0
Fighting       | 1 3 4 6 7 8 9 10 11 13 14 | 14.9
Alchemy        | 4 7 8 10 | 10.0
Dodging        | 2 4 5 6 9 10 12 13 14 | 14.9
Shields        | 1 4 6 8 10 12 13 14 | 14.9
Evocations     | 4 6 8 11 13 | 13.0
Armour         | 5 7 8 9 11 12 14 | 14.9
Translocations | 2 7 10 12 13 14 | 14.9
Long Blades    | 3 10 14 | 14.0
Necromancy     | 2 8 10 | 10.3

Action                     |  1- 3 |  4- 6 |  7- 9 | 10-12 | 13-15 | 16-18 | 19-21 | 22-24 || total
---------------------------+-------+-------+-------+-------+-------+-------+-------+-------++-------
  Melee: Dagger            |     5 |       |    13 |       |       |       |       |       ||    18
         Staff             |       |       |    10 |    16 |    92 |    80 |    13 |       ||   211
         Demon blade       |       |       |       |       |       |       |  2444 |  2569 ||  5013
  Throw: Dart              |       |     3 |       |       |       |       |       |     1 ||     4
   Cast: Sting             |    84 |     7 |     3 |     4 |     5 |       |       |       ||   103
         Scorch            |     7 |    90 |   108 |    84 |   133 |   297 |    39 |       ||   758
         Olgreb's Toxic Ra |       |       |    37 |    92 |   216 |   226 |   140 |    27 ||   738
         Ignite Poison     |       |       |     9 |    73 |   139 |   160 |    84 |    13 ||   478
         Sticky Flame      |       |       |     1 |    10 |    15 |    52 |    10 |       ||    88
         Irradiate         |       |       |       |    12 |    83 |   157 |    63 |    34 ||   349
         Manifold Assault  |       |       |       |       |       |       |   482 |   568 ||  1050
         Blink             |       |       |       |       |       |       |     6 |       ||     6
         Passage of Golubr |       |       |       |       |       |       |       |     3 ||     3
         Apportation       |       |       |       |       |       |       |       |     1 ||     1
  Evoke: Wand              |       |       |     1 |     3 |    13 |     7 |     8 |    26 ||    58
         Box of beasts     |       |       |       |       |       |     2 |     2 |     1 ||     5
         Lightning rod     |       |       |       |       |       |     4 |     6 |       ||    10
         Phantom mirror    |       |       |       |       |       |     2 |     2 |     2 ||     6
         Tin of tremorston |       |       |       |       |       |     2 |     4 |     4 ||    10
    Use: Potion            |     1 |     5 |     1 |     1 |       |     2 |     1 |    17 ||    28
         Scroll            |       |     8 |     8 |     7 |    12 |    10 |    13 |    13 ||    71
   Stab: Confused          |       |       |       |       |       |       |    30 |    16 ||    46
         Sleeping          |       |       |       |       |       |       |     6 |    11 ||    17
         Paralysed         |       |       |       |       |       |       |     6 |     5 ||    11
         Petrified         |       |       |       |       |       |       |     7 |    13 ||    20
         Distracted        |       |       |       |       |       |       |     5 |     2 ||     7
         Petrifying        |       |       |       |       |       |       |     5 |     3 ||     8
         Held in net/web   |       |       |       |       |       |       |       |     1 ||     1
 Armour: Robe              |    25 |    16 |    18 |    33 |       |       |       |       ||    92
         Steam dragon scal |       |       |    16 |       |       |       |       |       ||    16
         Leather armour    |       |       |       |    86 |   154 |       |       |       ||   240
         Ring mail         |       |       |       |       |   188 |   636 |   713 |       ||  1537
         Acid dragon scale |       |       |       |       |       |       |   108 |   636 ||   744
  Dodge: Dodged            |    33 |    16 |    46 |    79 |   218 |   477 |   765 |   757 ||  2391
  Block: Buckler           |       |       |     7 |    47 |    52 |       |       |       ||   106
         Kite shield       |       |       |       |       |   181 |   458 |   974 |  1286 ||  2899
         Reflection        |       |       |       |       |       |       |     8 |       ||     8

Table legend: (Time is in decaauts)
 A = Elapsed time spent in this place.
 B = Non-inter-level travel time spent in this place.
 C = Inter-level travel time spent in this place.
 D = Time resting spent in this place.
 E = Time spent auto-exploring this place.
 F = Levels seen in this place.
 G = Mean time per level.
                   A        B        C        D        E       F      G
               +--------+--------+--------+--------+--------+-----+--------+
         Total |  92421 |  85456 |   6965 |  17805 |  53883 |  51 | 1812.2 |
       Dungeon |  23282 |  20700 |   2582 |   3051 |  15093 |  15 | 1552.1 |
          Lair |  10897 |   9850 |   1047 |    998 |   7710 |   5 | 2179.4 |
         Swamp |   7448 |   7100 |    348 |   1968 |   3888 |   4 | 1862.0 |
   Spider Nest |   9353 |   8914 |    439 |   2670 |   4911 |   4 | 2338.2 |
  Orcish Mines |   2607 |   2385 |    222 |    553 |   1427 |   2 | 1303.5 |
   Elven Halls |   7750 |   7508 |    242 |   2869 |   3648 |   3 | 2583.3 |
        Vaults |  14727 |  13635 |   1092 |   2707 |   8158 |   5 | 2945.4 |
         Crypt |   4596 |   4490 |    106 |    100 |   3351 |   3 | 1532.0 |
        Depths |   8842 |   8113 |    729 |   1009 |   5196 |   4 | 2210.5 |
           Zot |   2769 |   2616 |    153 |   1880 |    364 |   5 |  553.8 |
        Bazaar |    145 |    145 |      0 |      0 |    134 |   1 |  145.0 |
               +--------+--------+--------+--------+--------+-----+--------+

Top non-repeatable levels by time:
   Elf:3: 4866 daAuts
Vaults:5: 4153 daAuts
Vaults:3: 3388 daAuts
Vaults:1: 3332 daAuts
Spider:4: 2790 daAuts
Depths:1: 2610 daAuts
  Lair:5: 2571 daAuts
Spider:2: 2530 daAuts
  Lair:1: 2526 daAuts
Depths:2: 2444 daAuts
 Swamp:3: 2439 daAuts
Spider:3: 2432 daAuts
 Swamp:1: 2386 daAuts
 Crypt:3: 2182 daAuts
  Lair:4: 2134 daAuts

Table legend:
 A = Kills in this place as a percentage of kills in the entire game.
 B = Kills by you in this place as a percentage of kills by you in the entire game.
 C = Kills by friends in this place as a percentage of kills by friends in the entire game.
 D = Other kills in this place as a percentage of other kills in the entire game.
 E = Experience gained in this place as a percentage of experience gained in the entire game.
 F = Experience gained in this place divided by the number of levels of this place that you have seen.
                   A       B       C       D       E      F
               +-------+-------+-------+-------+-------+----------------------
         Total | 100.0 | 100.0 | 100.0 | 100.0 | 100.0 | 24661.6
       Dungeon |  15.8 |  16.2 |   4.3 |   0.0 |   5.4 | 4546.9
          Lair |  10.5 |  10.7 |   0.0 |   0.0 |   5.2 | 13195.4
         Swamp |   6.7 |   6.7 |   4.3 |  11.1 |   7.5 | 23437.2
   Spider Nest |  12.7 |  12.9 |   8.7 |   0.0 |   9.6 | 30241.5
  Orcish Mines |   4.8 |   5.0 |   0.0 |   0.0 |   2.4 | 15026.5
   Elven Halls |   7.5 |   7.6 |   0.0 |   3.7 |   9.7 | 40683.3
        Vaults |  20.7 |  20.4 |  52.2 |  14.8 |  27.6 | 69542.2
         Crypt |   8.1 |   8.0 |   4.3 |  14.8 |   9.6 | 40188.7
        Depths |  11.4 |  10.8 |  13.0 |  55.6 |  18.7 | 58824.0
           Zot |   1.8 |   1.7 |  13.0 |   0.0 |   4.2 | 10634.2
               +-------+-------+-------+-------+-------+----------------------
